 Dungeon Crawl Stone Soup version 0.16-b1 (console) character file.

737 mauris the Ducker (level 8, -1/54 HPs)
             Began as a Halfling Earth Elementalist on Mar 14, 2015.
             Slain by a kobold
             ... wielding a +2 dagger of electrocution
              (2 damage)
             ... on level 5 of the Dungeon.
             The game lasted 00:12:45 (8485 turns).

mauris the Ducker (Halfling Earth Elementalist)     Turns: 8485, Time: 00:12:45

Health: -1/54      AC: 13    Str: 10    XL:     8   Next: 4%
Magic:  11/11      EV: 18    Int: 14    God:
Gold:   99         SH:  0    Dex: 15    Spells: 0 memorised, 10 levels left

rFire  . . .     SeeInvis +     a - +0 short sword
rCold  . . .     Clarity  .     i - +0 mottled dragon armour {6 rNapalm}
rNeg   . . .     SustAb   .     (no shield)
rPois  .         Gourm    .     E - +2 helmet {SInv}
rElec  .         Spirit   .     (no cloak)
rCorr  .         Warding  .     z - +0 pair of gloves
rMut   .         Stasis   .     (no boots)
MR     .....                    (no amulet)
Stlth  ++........               q - +2 ring of evasion
                                g - +2 ring of protection

@: not resistant to hostile enchantments, unstealthy
A: mutation resistance 1
a: no special abilities


You were on level 5 of the Dungeon.
You were not hungry.

You visited 2 branches of the dungeon, and saw 7 of its levels.

You collected 220 gold pieces.
You spent 121 gold pieces at shops.

Inventory:

Hand weapons
 a - a +0 short sword (weapon)
Missiles
 b - 191 stones (quivered)
Armour
 i - a +0 mottled dragon armour (worn) {6 rNapalm}
 z - a +0 pair of gloves (worn)
 E - a +2 helmet of see invisible (worn)
Rods
 G - a -2 rod of the swarm (9/9) {!a}
   (You found it on level 6 of the Dungeon)
Jewellery
 c - a cursed amulet of inaccuracy {unknown}
 g - a +2 ring of protection (left hand)
 q - a +2 ring of evasion (right hand)
 x - an uncursed ring of sustain abilities
 B - an uncursed ring of protection from cold
Scrolls
 d - a scroll of fear {unknown}
 e - 2 scrolls of teleportation {@r4}
 j - 3 scrolls of amnesia
 p - 2 scrolls of blinking
 t - a scroll of magic mapping {unknown}
 w - 2 scrolls of fog {unknown}
 A - 2 scrolls of enchant weapon {unknown}
Potions
 f - a potion of brilliance
 l - a potion of restore abilities
 m - a potion of curing {@q1}
 n - a potion of resistance
 r - a potion of agility {unknown}
 u - a potion of beneficial mutation {unknown}
 v - a potion of berserk rage {!q}
 C - a potion of heal wounds {unknown}
 D - 2 potions of might {unknown}
 F - a potion of ambrosia {!q}
Comestibles
 h - 3 beef jerkies
 k - 4 bread rations
 o - a meat ration
 s - 5 chunks of flesh


   Skills:
 + Level 4.0 Fighting
 + Level 5.0 Armour
 + Level 5.7 Dodging
 - Level 2.1 Stealth
 - Level 1.5 Spellcasting
   Level 0.5 Transmutations
   Level 3.0 Earth Magic


You had 10 spell levels left.
You didn't know any spells.

Dungeon Overview and Level Annotations

Branches:
Dungeon (6/15)             Temple (1/1) D:6

Altars:
Ashenzari
Cheibriados
Dithmenos
Elyvilon
Fedhas
Gozag
Nemelex Xobeh
Okawaru
Qazlal
Sif Muna
Vehumet
Xom
Yredelemnul
Zin
The Shining One

Shops:
D:6 [

Annotations:
D:4 blork, sigmund!, Blork the orc, Sigmund
D:5 ice beast


Innate Abilities, Weirdness & Mutations

You are small and have problems with some larger weapons.
You are somewhat resistant to further mutation.


Message History

Unknown command.
A kobold is nearby!
The kobold throws a stone.
The stone completely misses you.
The kobold hits you with a dagger of electrocution.
Damage: -1%(-1hp) hp: 38%(20hp)
You hit the kobold.
The kobold is heavily wounded.
The kobold completely misses you.
You hit the kobold.
The kobold is almost dead.
The kobold misses you.
You closely miss the kobold.
The kobold is almost dead.
The kobold hits you but does no damage.
You are electrocuted!
* * * LOW HITPOINT WARNING * * *
Huge Dmg: -36%(-19hp) hp: 2%(1hp)
You barely miss the kobold.
The kobold is almost dead.
The kobold hits you with a dagger of electrocution.
You die...

..###### #....##.######
#.# ..# #..####.## #.#
..# ##..###...# #.# ..#
#.........###### #.#
..#######...#.(.......(#
#.#
.......................#
#.#
.......................#
#(#
.............#.........#
#.#
..#######...##.K@......#
#.# ..# #......#########
#.# ..# ###.#### ##.#
..# #.# #..# ..#
#.###### #.## ..#
#......# ########.#
..####### ######.#
#......#)# ........# #.#
#.####.#.# .....##.#
#.###.#..?...#


You could see a kobold.

Vanquished Creatures
  A centaur (D:6)
  A sky beast (D:5)
  A water moccasin skeleton (D:4)
  A scorpion (D:4)
  A crimson imp (D:5)
  2 orc priests
  3 orc wizards
  A giant frog skeleton (D:6)
  A hound (D:6)
  2 worker ants
  A mummy (D:6)
  A worker ant zombie (D:5)
  2 gnolls (D:5)
  3 adders
  A giant mite (D:4)
  A worm (D:4)
  2 adder skeletons
  7 giant geckos
  An ooze (D:3)
  15 orcs
  A ball python (D:2)
  8 bats
  A bat skeleton (D:6)
  A bat zombie (D:5)
  4 giant cockroaches
  7 hobgoblins
  7 kobolds
  2 quokkas
  A giant gecko skeleton (D:6)
  4 giant newts
  9 goblins
  6 jackals
  A jackal skeleton (D:5)
  9 rats
109 creatures vanquished.

Notes
Turn   | Place    | Note
--------------------------------------------------------------
     0 | D:1      | mauris, the Halfling Earth Elementalist, began the quest for the Orb.
     0 | D:1      | Reached XP level 1. HP: 11/11 MP: 2/2
   428 | D:1      | Reached XP level 2. HP: 16/18 MP: 0/3
   599 | D:1      | Reached skill level 1 in Armour
  1276 | D:2      | Reached XP level 3. HP: 22/22 MP: 5/5
  1317 | D:2      | Reached skill level 1 in Fighting
  2029 | D:3      | Huge Dmg: 3 dmg
  2373 | D:3      | Reached XP level 4. HP: 28/28 MP: 6/6
  2663 | D:4      | Noticed Sigmund
  2711 | D:4      | Huge Dmg: 4 dmg
  2714 | D:4      | Huge Dmg: 5 dmg
  2722 | D:4      | Reached XP level 5. HP: 11/34 MP: 1/7
  3049 | D:4      | Huge Dmg: 7 dmg
  3706 | D:4      | Huge Dmg: 5 dmg
  4346 | D:4      | Huge Dmg: 7 dmg
  4350 | D:4      | Huge Dmg: 4 dmg
  4362 | D:4      | Huge Dmg: 6 dmg
  4362 | D:4      | Reached skill level 4 in Dodging
  4362 | D:4      | Reached XP level 6. HP: 22/41 MP: 9/9
  4394 | D:4      | Huge Dmg: 8 dmg
  4786 | D:4      | Noticed Blork the orc
  4809 | D:5      | Entered Level 5 of the Dungeon
  4860 | D:5      | Huge Dmg: 7 dmg
  4861 | D:5      | Huge Dmg: 6 dmg
  5178 | D:5      | Noticed a sky beast
  5190 | D:5      | Huge Dmg: 7 dmg
  5199 | D:5      | Huge Dmg: 7 dmg
  5202 | D:5      | Killed a sky beast
  5376 | D:5      | Reached XP level 7. HP: 29/46 MP: 10/10
  5496 | D:5      | Huge Dmg: 10 dmg
  5681 | D:5      | Found a glowing golden altar of the Shining One.
  5682 | D:5      | Found a white marble altar of Elyvilon.
  5685 | D:5      | Found a glowing silver altar of Zin.
  6122 | D:6      | Huge Dmg: 9 dmg
  6126 | D:6      | Reached skill level 5 in Dodging
  6305 | D:6      | Huge Dmg: 15 dmg
  6455 | D:6      | Huge Dmg: 11 dmg
  6530 | D:6      | Huge Dmg: 13 dmg
  6652 | D:6      | Found a staircase to the Ecumenical Temple.
  6659 | Temple   | Entered the Ecumenical Temple
  6867 | D:6      | Huge Dmg: 14 dmg
  6874 | D:6      | Huge Dmg: 13 dmg
  6876 | D:6      | Huge Dmg: 16 dmg
  7201 | D:6      | Huge Dmg: 24 dmg
  7417 | D:6      | Huge Dmg: 18 dmg
  7777 | D:6      | Huge Dmg: 10 dmg
  7778 | D:6      | Huge Dmg: 7 dmg
  7803 | D:6      | Huge Dmg: 5 dmg
  8097 | D:6      | Huge Dmg: 10 dmg
  8098 | D:6      | Huge Dmg: 9 dmg
  8109 | D:6      | Reached XP level 8. HP: 27/54 MP: 11/11
  8127 | D:6      | Reached skill level 5 in Armour
  8328 | D:6      | Found Qiaczuf's Antique Armour Shop.
  8333 | D:6      | Bought a shiny helmet for 121 gold pieces
  8446 | D:6      | Got an ichor-stained buckler
  8452 | D:6      | Identified the cursed -6 buckler of Failure {Str-3 Int+7} (You found it on level 6 of the Dungeon)
  8464 | D:6      | Huge Dmg: 14 dmg
  8469 | D:6      | Huge Dmg: 15 dmg
  8484 | D:5      | HP: 1/54 [kobold/dagger of electrocution (20)]
  8485 | D:5      | Huge Dmg: 19 dmg
  8485 | D:5      | Slain by a kobold

Action                   |  1- 3 |  4- 6 |  7- 9 || total
-------------------------+-------+-------+-------++-------
Melee: Unarmed           |    22 |       |       ||    22
       Dagger            |   159 |   247 |       ||   406
       Short sword       |       |    50 |   508 ||   558
Throw: Stone             |       |       |     9 ||     9
 Cast: Sandblast         |    17 |    18 |       ||    35
  Use: Potion            |       |     4 |     1 ||     5
       Scroll            |       |     6 |     2 ||     8
 Stab: Sleeping          |     4 |     1 |       ||     5
       Invisible         |       |     2 |       ||     2
       Distracted        |       |     1 |       ||     1
  Eat: Chunk             |     5 |     4 |     6 ||    15
       Pizza             |       |     1 |       ||     1
       Meat ration       |       |     1 |     1 ||     2

Vault maps used:
D:1:      saegor_arrival_miasma, grunt_decor_arrowhead
D:2:      first_bread
D:4:      minmay_door_path, kennysheep_generic_room_11, uniq_sigmund,
          uniq_blork_the_orc
D:5:      good_gods_temple_1, nicolae_overflow_hidden_temple
D:6:      temple_green, serial_shops, shop
Temple:   triangle_lava_temple_12
